 Dungeon Crawl Stone Soup version 0.30.1 (webtiles) character file.

Game seed: 13832291904447506106

3308 monsoonserge the Frost Mage (level 10, -8/74 HPs)
             Began as a Gnoll Ice Elementalist on July 7, 2023.
             Was a Follower of Vehumet.
             Mangled by a yak (14 damage)
             ... on level 8 of the Dungeon.
             The game lasted 00:37:50 (7237 turns).

monsoonserge the Frost Mage (GnIE)                  Turns: 7237, Time: 00:37:51

Health: -8/74      AC:  6    Str:  9    XL:     10   Next: 1%
Magic:  1/20       EV: 14    Int: 18    God:    Vehumet [*.....]
Gold:   387        SH:  0    Dex: 15    Spells: 13/23 levels left

rFire   + . .        U - +6 dire flail "Kal Ysie" {heavy, Drain Fly rF+ Dex+3}
rCold   . . .        (shield currently unavailable)
rNeg    . . .        z - +0 leather armour
rPois   .            (no helmet)
rElec   .            T - +0 cloak
rCorr   +            (no gloves)
SInv    .            J - +0 pair of boots
Will    .....        (no amulet)
Stlth   +++          h - ring of resist corrosion
HPRegen 0.32/turn    l - ring of flight
MPRegen 0.17/turn

%: no passive effects
@: freezing walls, flying
A: fangs 1, strong nose, distributed training
a: Renounce Religion


You were on level 8 of the Dungeon.
You worshipped Vehumet.
Vehumet was aware of your devotion.
You visited 2 branches of the dungeon, and saw 9 of its levels.

You collected 387 gold pieces.

Inventory:

Hand Weapons
 a - the +5 mace of Opteddi {freeze, Stlth+}
   (You found it on level 4 of the Dungeon)

   Stlth:     It makes you more stealthy.
 Q - a +3 spear of venom
 U - the +6 dire flail "Kal Ysie" (weapon) {heavy, Drain Fly rF+ Dex+3}
   (You found it on level 7 of the Dungeon)

   Dex:       It affects your dexterity (+3).
   rF:        It protects you from fire.
   Fly:       It grants you flight.
   Drain:     It drains your maximum health when unequipped.
 V - a +0 arbalest
Missiles
 o - 9 boomerangs (quivered)
 K - 18 poisoned darts
 N - 4 throwing nets
 S - 2 curare-tipped darts
Armour
 z - a +0 leather armour (worn)
 B - a +0 ring mail
 E - an orb of guile
 J - a +0 pair of boots (worn)
 L - a +0 kite shield
 T - a +0 cloak (worn)
Jewellery
 h - a ring of resist corrosion (left hand)
 l - a ring of flight (right hand)
Wands
 t - a wand of polymorph (5)
 x - a wand of charming (16)
 F - a wand of mindburst (9)
 H - a wand of roots (10)
 P - a wand of digging (8)
Scrolls
 b - a scroll of teleportation {unknown}
 c - 2 scrolls of noise {unknown}
 e - 2 scrolls of immolation {unknown}
 f - 6 scrolls of identify {unknown}
 g - a scroll of blinking {unknown}
 j - 3 scrolls of enchant weapon {unknown}
 p - 2 scrolls of brand weapon {unknown}
 q - a scroll of silence {unknown}
 r - a scroll of butterflies {unknown}
 u - 3 scrolls of magic mapping {unknown}
 w - a scroll of fear {unknown}
 A - a scroll of enchant armour {unknown}
 C - 2 scrolls of poison {unknown}
 G - 2 scrolls of vulnerability {unknown}
 I - 4 scrolls of amnesia {unknown}
Potions
 d - 3 potions of attraction {unknown}
 i - 2 potions of invisibility {unknown}
 k - 4 potions of lignification {unknown}
 m - 4 potions of flight {unknown}
 n - 2 potions of brilliance {unknown}
 s - a potion of degeneration {unknown}
 v - 4 potions of cancellation {unknown}
 y - a potion of heal wounds {unknown}
 D - 2 potions of ambrosia {unknown}
 O - a potion of magic
 R - 2 potions of mutation {unknown}


   Skills:
 + Level 5.0 Fighting
 + Level 5.0 Short Blades
 + Level 5.0 Long Blades
 + Level 5.0 Axes
 + Level 5.0 Maces & Flails
 + Level 5.0 Polearms
 + Level 5.0 Staves
 + Level 5.0 Ranged Weapons
 + Level 5.0 Throwing
 + Level 5.0 Armour
 + Level 6.8 Dodging
 + Level 6.6 Stealth
 + Level 5.0 Shields
 + Level 5.0 Unarmed Combat
 + Level 7.1 Spellcasting
 + Level 4.1 Conjurations
 + Level 4.1 Hexes
 + Level 4.1 Summonings
 + Level 4.1 Necromancy
 + Level 4.1 Translocations
 + Level 4.1 Transmutations
 + Level 4.1 Fire Magic
 + Level 8.3 Ice Magic
 + Level 4.1 Air Magic
 + Level 4.1 Earth Magic
 + Level 4.1 Poison Magic
 + Level 5.5 Invocations
 + Level 5.0 Evocations


You had 13 spell levels left.
You knew the following spells:

 Your Spells              Type           Power      Damage    Failure   Level
a - Freeze                Ice            100%       1d10      1%          1
b - Frozen Ramparts       Ice            72%        1d11      1%          3
c - Ozocubu's Armour      Ice            36%        N/A       1%          3
d - Hailstorm             Conj/Ice       28%        3d8       3%          3

Your spell library contained the following spells:

 Spells                   Type           Power      Damage    Failure   Level
 Foxfire                  Conj/Fire      84%        2x1d8     2%          1
 Kiss of Death            Conj/Necr      84%        2d11      2%          1
 Confusing Touch          Hex            21%        N/A       8%          3
 Ice Form                 Ice/Tmut       28%        N/A       11%         4
 Summon Ice Beast         Ice/Summ       28%        N/A       11%         4
 Cause Fear               Hex            10%        N/A       26%         4
 Dispel Undead            Necr           21%        3d11      26%         4
 Simulacrum               Ice/Necr       14%        N/A       86%         6
 Dragon Form              Tmut           10%        N/A       100%        7
 Dragon's Call            Summ           10%        N/A       100%        9


Dungeon Overview and Level Annotations

Branches:
Dungeon (8/15)             Temple (1/1) D:7
   Lair: D:8-11

Altars:
Cheibriados
Dithmenos
Fedhas
Gozag
Hepliaklqana
Kikubaaqudgha
Nemelex Xobeh
Okawaru
Qazlal
Ru
Sif Muna
Trog
Uskayaw
Vehumet
Wu Jian


Innate Abilities, Weirdness & Mutations

You have very sharp teeth.
Your uncanny sense of smell can sniff out nearby items.
Your experience applies equally to all skills.


Message History

Your Earth Magic skill increases to level 4!
Your Poison Magic skill increases to level 4!
You feel better.
The wall freezes the water moccasin!
The water moccasin bites you but does no damage.
The wall freezes the wyvern.
The wall freezes the gnoll bouda!
You kill the gnoll bouda!
Vehumet accepts your kill.
You impale the water moccasin!!
You kill the water moccasin!
Vehumet accepts your kill.
The wall freezes the wyvern.
The wall freezes the yak.
The wall freezes the wyvern.
The wyvern misses you.
The wall freezes the wyvern.
The wyvern misses you.
The wall freezes the yak. x2
You puncture the wyvern!
The wyvern is almost dead.
The wall freezes the wyvern.
You kill the wyvern!
Vehumet accepts your kill.
The wall freezes the yak.
Your Fighting skill increases to level 5!
Your Short Blades skill increases to level 5!
Your Long Blades skill increases to level 5!
Your Axes skill increases to level 5!
Your Maces & Flails skill increases to level 5!
Your Polearms skill increases to level 5!
Your Staves skill increases to level 5!
Your Ranged Weapons skill increases to level 5!
Your Throwing skill increases to level 5!
Your Armour skill increases to level 5!
Your Shields skill increases to level 5!
Your Unarmed Combat skill increases to level 5!
Your Evocations skill increases to level 5!
You have reached level 10!
You barely miss the yak.
The yak is moderately wounded.
The wall freezes the yak.
The yak gores you!
* * * LOW HITPOINT WARNING * * *
The wall freezes the yak but does no damage. x2
The wall freezes the yak.
The yak gores you!
You die...

#.....##....
###..##..#..#
#######....##.....#
.......)..........#
######.)##.##.....#
#....)#.#......#
#..##)#.#).###.#
#.#l#.#.#......#
#@#.#.#.#.######
####Y#...#.#........
#..)Y).###.#########
## #......# #.Y ∆ ..
#......# .###
#.......
..######.....
#.#.S.........
#.#.#.#......♣.


You could see 2 yaks.

Vanquished Creatures
  2 wyverns (D:8)
  A basilisk (D:8)
  2 yaks (D:8)
  3 water moccasins
  An ice beast (D:7)
  An orc warrior (D:8)
  A black bear (D:7)
  2 ogres
  A centaur (D:6)
  A kobold brigand (D:6)
  3 bullfrogs
  2 gnoll sergeants (D:6)
  A scorpion (D:6)
  2 jellies
  4 orc priests
  9 hounds
  Jessica (D:2)
  5 gnoll boudas
  An iguana (D:6)
  Natasha (thrice) (D:2)
  3 orc wizards
  29 gnolls
  7 adders
  A shadow imp (D:7)
  3 white imps
  A worm (D:3)
  A dart slug (D:2)
  25 orcs
  5 ball pythons
  9 endoplasms
  2 giant cockroaches
  10 goblins
  7 hobgoblins
  12 jackals
  A quokka (D:4)
  5 bats
  3 frilled lizards
  11 kobolds
  11 rats
192 creatures vanquished.

Notes
Turn   | Place    | Note
-------+----------+-------------------------------------------
     0 | D:1      | monsoonserge the Gnoll Ice Elementalist began the quest for
                  | the Orb.
     0 | D:1      | Reached XP level 1. HP: 13/13 MP: 6/6
   153 | D:1      | Reached XP level 2. HP: 19/19 MP: 4/7
   669 | D:2      | Reached skill level 5 in Spellcasting
   669 | D:2      | Reached XP level 3. HP: 25/25 MP: 7/9
   936 | D:2      | Reached skill level 1 in Invocations
  1052 | D:2      | Noticed Jessica
  1056 | D:2      | Noticed Natasha
  1064 | D:2      | Reached skill level 1 in Fighting
  1064 | D:2      | Reached skill level 1 in Short Blades
  1064 | D:2      | Reached skill level 1 in Long Blades
  1064 | D:2      | Reached skill level 1 in Axes
  1064 | D:2      | Reached skill level 1 in Maces & Flails
  1064 | D:2      | Reached skill level 1 in Polearms
  1064 | D:2      | Reached skill level 1 in Staves
  1064 | D:2      | Reached skill level 1 in Ranged Weapons
  1064 | D:2      | Reached skill level 1 in Throwing
  1064 | D:2      | Reached skill level 1 in Armour
  1064 | D:2      | Reached skill level 1 in Shields
  1064 | D:2      | Reached skill level 1 in Unarmed Combat
  1064 | D:2      | Reached skill level 1 in Evocations
  1066 | D:2      | Killed Jessica
  1067 | D:2      | Reached XP level 4. HP: 32/32 MP: 7/11
  1071 | D:2      | Learned a level 3 spell: Frozen Ramparts
  1079 | D:2      | Learned a level 3 spell: Ozocubu's Armour
  1113 | D:2      | Killed Natasha
  1114 | D:2      | Reached skill level 1 in Conjurations
  1114 | D:2      | Reached skill level 1 in Hexes
  1114 | D:2      | Reached skill level 1 in Summonings
  1114 | D:2      | Reached skill level 1 in Necromancy
  1114 | D:2      | Reached skill level 1 in Translocations
  1114 | D:2      | Reached skill level 1 in Transmutations
  1114 | D:2      | Reached skill level 1 in Fire Magic
  1114 | D:2      | Reached skill level 1 in Air Magic
  1114 | D:2      | Reached skill level 1 in Earth Magic
  1114 | D:2      | Reached skill level 1 in Poison Magic
  1222 | D:2      | Noticed Natasha
  1228 | D:2      | Killed Natasha
  1229 | D:2      | Reached XP level 5. HP: 37/37 MP: 5/12
  1474 | D:2      | Noticed Natasha
  1537 | D:2      | Killed Natasha
  1943 | D:3      | Found a sparkling altar of Nemelex Xobeh.
  2116 | D:3      | Found a faded altar of an unknown god.
  2709 | D:4      | Reached XP level 6. HP: 41/44 MP: 6/13
  2714 | D:4      | Found a shimmering blue altar of Sif Muna.
  2994 | D:4      | Reached skill level 5 in Dodging
  3234 | D:4      | Identified the +5 mace of Opteddi {freeze, Stlth+}
  3274 | D:4      | Found a bloodstained altar of Trog.
  3563 | D:4      | Found a blossoming altar of Fedhas.
  3722 | D:5      | Entered Level 5 of the Dungeon
  3762 | D:5      | Found a shadowy altar of Dithmenos.
  4134 | D:5      | Reached XP level 7. HP: 44/50 MP: 9/15
  4516 | D:6      | Reached skill level 5 in Stealth
  4845 | D:6      | Reached XP level 8. HP: 50/58 MP: 8/16
  4909 | D:6      | Learned a level 3 spell: Hailstorm
  6324 | D:7      | Found a staircase to the Ecumenical Temple.
  6468 | D:7      | Identified the +6 dire flail "Kal Ysie" {heavy, Drain Fly
                  | rF+ Dex+3}
  6572 | D:7      | Reached XP level 9. HP: 58/65 MP: 18/18
  6585 | Temple   | Entered the Ecumenical Temple
  6593 | Temple   | Became a worshipper of Vehumet
  6635 | D:7      | Reached skill level 8 in Ice Magic
  6834 | D:7      | Found an ancient bone altar of Kikubaaqudgha.
  6938 | D:7      | Found a snail-covered altar of Cheibriados.
  6968 | D:7      | Found an opulent altar of Gozag.
  7222 | D:8      | Reached skill level 5 in Invocations
  7225 | D:8      | Reached * piety under Vehumet
  7225 | D:8      | Offered knowledge of Foxfire by Vehumet.
  7237 | D:8      | Reached skill level 5 in Fighting
  7237 | D:8      | Reached skill level 5 in Short Blades
  7237 | D:8      | Reached skill level 5 in Long Blades
  7237 | D:8      | Reached skill level 5 in Axes
  7237 | D:8      | Reached skill level 5 in Maces & Flails
  7237 | D:8      | Reached skill level 5 in Polearms
  7237 | D:8      | Reached skill level 5 in Staves
  7237 | D:8      | Reached skill level 5 in Ranged Weapons
  7237 | D:8      | Reached skill level 5 in Throwing
  7237 | D:8      | Reached skill level 5 in Armour
  7237 | D:8      | Reached skill level 5 in Shields
  7237 | D:8      | Reached skill level 5 in Unarmed Combat
  7237 | D:8      | Reached skill level 5 in Evocations
  7237 | D:8      | Reached XP level 10. HP: 20/74 MP: 0/20
  7237 | D:8      | Mangled by a yak

Illustrated notes

Levels and vault maps discovered:
D:1:      enne_arrival_octagon_isle, layout_rooms,
          nicolae_concentric_dashed_squares_wild, st_stairs_6,
          chequers_serial_rivers_micro_b
D:2:      layout_basic, minmay_misc_feat_x, uniq_natasha, uniq_jessica
D:3:      layout_basic, marbit_many_paths, dilly_ecumenical_altar_fadedgnrine
D:4:      layout_loops_ring, nicolae_overflow_hidden_temple, old_standard_altar,
          mainiacjoe_overflow_concentric_impassable
D:5:      layout_basic, grunt_dithmenos_smoke
D:6:      layout_cave_pools, serial_gnoll_camp, gnoll_camp_mini_hut,
          gnoll_camp_mini_basic, gnoll_camp_mini_hut, gnoll_camp_mini_doghouse,
          gnoll_camp_medium_02, st_stairs_12, hangedman_decor_push
D:7:      layout_basic, mainiacjoe_overflow_catch_the_wave,
          mainiacjoe_overflow_alcove_1, minmay_temple_entry_proselytizer
D:8:      layout_basic, nicolae_yredelemnul_corpse_copse,
          mainiacjoe_overflow_24_doors, minmay_lair_entry_grove, enter_bailey_4,
          nicolae_ossuary_entry_monument, uniq_pikel, uniq_erica, uniq_maggie,
          uniq_joseph
Temple:   nicolae_temple_little_seven

Skill      XL: |  1  2  3  4  5  6  7  8  9 |
---------------+----------------------------+-----
Spellcasting   | 5 6 7 |  7.1
Invocations    | 1 2 3 4 5 |  5.5
Fighting       | 1 2 3 4 5 |  5.0
Short Blades   | 1 2 3 4 5 |  5.0
Long Blades    | 1 2 3 4 5 |  5.0
Axes           | 1 2 3 4 5 |  5.0
Maces & Flails | 1 2 3 4 5 |  5.0
Polearms       | 1 2 3 4 5 |  5.0
Staves         | 1 2 3 4 5 |  5.0
Ranged Weapons | 1 2 3 4 5 |  5.0
Throwing       | 1 2 3 4 5 |  5.0
Armour         | 1 2 3 4 5 |  5.0
Shields        | 1 2 3 4 5 |  5.0
Unarmed Combat | 1 2 3 4 5 |  5.0
Evocations     | 1 2 3 4 5 |  5.0
Conjurations   | 1 2 3 4 |  4.1
Hexes          | 1 2 3 4 |  4.1
Summonings     | 1 2 3 4 |  4.1
Necromancy     | 1 2 3 4 |  4.1
Translocations | 1 2 3 4 |  4.1
Transmutations | 1 2 3 4 |  4.1
Fire Magic     | 1 2 3 4 |  4.1
Air Magic      | 1 2 3 4 |  4.1
Earth Magic    | 1 2 3 4 |  4.1
Poison Magic   | 1 2 3 4 |  4.1
Dodging        | 5 6 |  6.8
Stealth        | 5 6 |  6.6
Ice Magic      | 8 |  8.3

Action                     |  1- 3 |  4- 6 |  7- 9 | 10-12 || total
---------------------------+-------+-------+-------+-------++-------
  Melee: Unarmed           |     5 |    12 |       |       ||    17
         Dagger            |     8 |       |       |       ||     8
         Bite              |     5 |     5 |     8 |       ||    18
         Long sword        |    31 |    42 |       |       ||    73
         Short sword       |     3 |       |       |       ||     3
         Punch             |       |     1 |       |       ||     1
         Mace              |       |    18 |    41 |       ||    59
         Dire flail        |       |       |    36 |     1 ||    37
   Fire: Shortbow          |       |       |    10 |       ||    10
  Throw: Boomerang         |     2 |     1 |     4 |       ||     7
   Cast: Freeze            |    31 |     7 |    18 |       ||    56
         Frozen Ramparts   |       |    32 |    36 |       ||    68
         Ozocubu's Armour  |       |    27 |    23 |       ||    50
         Hailstorm         |       |       |    16 |       ||    16
    Use: Potion            |       |       |     2 |       ||     2
   Stab: Sleeping          |     4 |     3 |     1 |       ||     8
 Armour: Robe              |    10 |    22 |       |       ||    32
         Leather armour    |       |     4 |    39 |       ||    43
  Dodge: Dodged            |    49 |    73 |    87 |       ||   209
